 Dungeon Crawl Stone Soup version 0.21-a0-417-g0adc95b (webtiles) character file.

45 Koleisus the Skirmisher (level 3, -2/30 HPs)
             Began as a Barachi Fighter on Nov 3, 2017.
             Splashed by a jelly's acid (5 damage)
             ... on level 1 of the Dungeon.
             The game lasted 00:02:23 (673 turns).

Koleisus the Skirmisher (Barachi Fighter)            Turns: 673, Time: 00:02:24

Health: -2/30      AC:  3    Str: 18    XL:     3   Next: 64%
Magic:  3/3        EV:  7    Int:  8    God:
Gold:   42         SH:  9    Dex: 11    Spells: 2/2 levels left

rFire    . . .     SeeInvis .   a - +0 long sword
rCold    . . .     Gourm    .   c - +0 shield
rNeg     . . .     Faith    .   b - +0 scale mail
rPois    .         Spirit   .   (no helmet)
rElec    .         Reflect  .   (no cloak)
rCorr    .         Harm     .   (no gloves)
MR       .....                  (no boots)
Stlth    ..........             (no amulet)
HPRegen  0.10/turn              (no ring)
MPRegen  0.08/turn              (no ring)

@: corroded, slow
A: +LOS, swims, slowness 1, strong legs 1
a: Hop


You were on level 1 of the Dungeon.
You were not hungry.

You visited 1 branch of the dungeon, and saw 2 of its levels.

You collected 42 gold pieces.

Inventory:

Hand Weapons
 a - a +0 long sword (weapon)
Armour
 b - a +0 scale mail (worn)
 c - a +0 shield (worn)
Scrolls
 e - 2 scrolls of random uselessness {unknown}
 h - a scroll of enchant armour {unknown}
 i - a scroll of enchant weapon {unknown}
Potions
 d - a potion of might
Comestibles
 f - a bread ration


   Skills:
 + Level 4.1 Fighting
 + Level 3.0 Long Blades
 + Level 4.0 Armour
 + Level 0.6 Dodging
 + Level 3.9 Shields


You had 2 spell levels left.
You didn't know any spells.

Dungeon Overview and Level Annotations

Branches:
Dungeon (2/15)

Altars:


Innate Abilities, Weirdness & Mutations

Shadows flee at your approach. (+LOS)
You can swim through water.
You cover ground slowly.
You can hop short distances.


Message History

The jelly is lightly wounded.
The jelly hits you but does no damage.
You hit the jelly.
Your hands burn!
* * * LOW HITPOINT WARNING * * *
The jelly is heavily wounded.
The jelly barely misses you.
You riposte.
You barely miss the jelly.
The jelly is heavily wounded.
You block the jelly's attack.
You hit the jelly.
Your hands burn!
* * * LOW HITPOINT WARNING * * *
The jelly is severely wounded.
The jelly barely misses you.
You hit the jelly but do no damage.
Your hands burn!
* * * LOW HITPOINT WARNING * * *
The jelly is severely wounded.
The jelly closely misses you.
You riposte.
Your scale mail prevents you from hitting the jelly.
The jelly is severely wounded.
You hit the jelly.
Your hands burn!
You die... ####### #.# #.###.#####. ########.######.....# #. #.................### #. #.###############.# #. #.#............%#.## #. ##.# ....wJJr... #..# #. #..# ..sJrJs

#..# #.
#..#######J#######..######.
#..#......@......#.........
#..+⌠....###....⌠'..######.
#..#......<......#..# #)
#..#..⌠...>...⌠..#..# #.
#).###+#######'###.## #.
#..................# #####.
#.#########..###...# #.....
#######.........)..###..##
#.####
..........#............##
#.#


You could see a worm, a jelly, 4 oozes, 2 giant cockroaches and 2 rats.

Vanquished Creatures
  4 oozes (D:1)
  A dart slug (D:1)
  2 bats (D:1)
  A giant cockroach (D:1)
  6 goblins (D:1)
  3 hobgoblins (D:1)
  A jackal (D:1)
  2 kobolds (D:1)
  2 frilled lizards (D:1)
  3 rats (D:1)
25 creatures vanquished.

Notes
Turn   | Place    | Note
-------+----------+-------------------------------------------
     0 | D:1      | Koleisus the Barachi Fighter began the quest for the Orb.
     0 | D:1      | Reached XP level 1. HP: 18/18 MP: 1/1
     1 | D:1      | Found a runed door.
     1 | D:1      | Noticed a jelly
    80 | D:1      | Reached XP level 2. HP: 25/25 MP: 2/2
   267 | D:1      | Reached XP level 3. HP: 27/30 MP: 3/3
   673 | D:1      | Splashed by a jelly's acid

Vault maps used:
D:1:      dpeg_arrival_caged_fury
D:2:      st_stairs_11, uniq_sigmund

Skill      XL: |  1  2  3 |
---------------+----------+-----
Fighting       | 4 |  4.1
Armour         | 4 |  4.0
Long Blades    | 3 |  3.0
Dodging        | |  0.6
Shields        | |  3.9

Action                   || total
-------------------------++-------
Melee: Long sword        ||    64
Armor: Scale mail        ||    36
Dodge: Dodged            ||    26
Block: Shield            ||    35
       Rpst.: Long sword ||    12

Table legend:
 A = Spawn XP
 B = Non-spawn XP
 C = Spawn XP percentage of total XP
 D = Spawn monster count
 E = Non-spawn monster count
 F = Spawn count percentage of total count
 G = Total turns spent on level
                    A         B        C        D         E        F      G
               +---------+---------+-------+---------+---------+-------+---------
         Total |       0 |      65 |   0.0 |       0 |      25 |   0.0 |   673
               +---------+---------+-------+---------+---------+-------+---------
           D:1 |       0 |      65 |   0.0 |       0 |      25 |   0.0 |   665
               +---------+---------+-------+---------+---------+-------+---------
